 Dungeon Crawl Stone Soup version 0.31-a0-859-g9dce7d3444 (webtiles) character file.

Game seed: 16918932355584879681

483 BinkBink the Shooter (level 6, -2/30 HPs)
             Began as a Spriggan Hunter on Oct 10, 2023.
             Slain by a black bear (5 damage)
             ... on level 5 of the Dungeon.
             The game lasted 00:08:39 (3441 turns).

BinkBink the Shooter (Spriggan Hunter)              Turns: 3441, Time: 00:08:39

Health: -2/30      AC:  2    Str:  7    XL:     6   Next: 88%
Magic:  7/7        EV: 18    Int: 16    God:
Gold:   299        SH:  0    Dex: 21    Spells: 5/5 levels left

rFire   . . .        a - +0 shortbow
rCold   . . .        (shield currently unavailable)
rNeg    . . .        c - +0 robe
rPois   .            (helmet currently unavailable)
rElec   .            (cloak currently unavailable)
rCorr   .            (gloves unavailable)
SInv    +            (boots unavailable)
Will    +....        (no amulet)
Stlth   ++           q - ring of flight
HPRegen 0.25/turn    l - +6 ring of intelligence
MPRegen 0.10/turn

%: no passive effects
@: beast-form, flying, very quick
A: beast (slay +3), very small, no large weapons, unfitting armour, see
invisible, speed 3
a: Begin Untransformation


You were on level 5 of the Dungeon.
You were a hulking beast.
You visited 1 branch of the dungeon, and saw 5 of its levels.
You also visited: Ossuary.

You collected 299 gold pieces.

Inventory:

Hand Weapons
 a - a +0 shortbow (weapon)
Armour
 c - a +0 robe (worn)
 u - a +0 hat
Jewellery
 l - a +6 ring of intelligence (right hand)
 o - a +6 ring of strength
 q - a ring of flight (left hand)
Talismans
 j - a beast talisman (active)
Wands
 t - a wand of quicksilver (14)
Scrolls
 b - a scroll of butterflies
 e - a scroll of torment {unknown}
 h - 3 scrolls of amnesia {unknown}
 i - 2 scrolls of identify {unknown}
 k - 2 scrolls of noise {unknown}
 n - 2 scrolls of enchant armour {unknown}
 s - 3 scrolls of revelation {unknown}
 v - a scroll of immolation {unknown}
 w - 3 scrolls of vulnerability {unknown}
 y - 2 scrolls of fear {unknown}
 z - 2 scrolls of enchant weapon {unknown}
 B - 2 scrolls of teleportation {unknown}
Potions
 d - 2 potions of heal wounds {unknown}
 f - 4 potions of curing {unknown}
 g - 2 potions of attraction {unknown}
 m - 3 potions of haste {unknown}
 p - 2 potions of degeneration {unknown}
 r - 2 potions of mutation {unknown}
 x - 2 potions of brilliance {unknown}
 A - a potion of lignification {unknown}
 C - a potion of resistance {unknown}
 D - a potion of might {unknown}


   Skills:
 - Level 1.5 Fighting
 + Level 6.9 Ranged Weapons
 - Level 2.6 Dodging
 - Level 1.5 Stealth
 + Level 5.2 Shapeshifting


You had 5 spell levels left.
You didn't know any spells.
Your spell library contained the following spells:

 Spells                   Type           Power      Damage    Failure   Level
 Blink                    Tloc           0%         N/A       36%         2
 Tukima's Dance           Hex            0%         N/A       58%         3
 Iskenderun's Mystic Bla  Conj/Tloc      0%         2d3       94%         4
 Passage of Golubria      Tloc           0%         N/A       94%         4
 Yara's Violent Unravell  Hex/Tmut       0%         3d3       100%        5
 Malign Gateway           Summ/Tloc      0%         N/A       100%        7


Dungeon Overview and Level Annotations

Branches:
Dungeon (5/15)            Ossuary (visited)
 Temple: D:4-7

Altars:

Shops:
D:1 :   D:4 ((


Innate Abilities, Weirdness & Mutations

You are a hulking beast.
Your limbs bulge with bestial killing power. (Slay +3)
You are very small and have problems with some larger weapons.
You are too small for most types of armour.
You have supernaturally acute eyesight. (SInv)
You cover ground extremely quickly. (Speed+++)


Message History

The black bear growls angrily.
You hear a shout!
Found 8 stones.
There is a stone staircase leading up here.
A black bear is nearby!
You shoot an arrow. The arrow hits the black bear!
The black bear is moderately wounded.
You shoot an arrow. The arrow hits the black bear!
The black bear is severely wounded.
You shoot an arrow. The arrow hits the black bear.
The black bear is almost dead.
You shoot an arrow. The arrow barely misses the black bear.
The black bear goes berserk!
You shoot an arrow. The arrow hits the black bear.
The black bear is almost dead.
The black bear attacks as it pursues you!
The black bear completely misses you. The black bear claws you. x2
A hound comes into view.
Found a viscous white potion.
The hound barks!
The black bear attacks as it pursues you!
The black bear bites you. The black bear barely misses you.
The black bear claws you.
The black bear rages.
The black bear attacks as it pursues you!
The black bear bites you.
* * * LOW HITPOINT WARNING * * *
The black bear claws you.
* * * LOW HITPOINT WARNING * * *
The black bear misses you. The hound misses you. The hound bites you.
* * * LOW HITPOINT WARNING * * *
The hound barely misses you. The hound closely misses you.
The black bear attacks as it pursues you!
The black bear closely misses you. The black bear completely misses you.
The black bear barely misses you.
The black bear attacks as it pursues you!
The black bear bites you.
You die...

...#.#.#.#
...#(#...#
...#....# #####
.......#######....
#................#
#...<............#
#................#
.................#
#...............h+
................h#
...............h.#
.................#
.................#
..#..............#
..#..............#
#.......!......#
####...........#


You could see a black bear (berserk) and a hound.

Vanquished Creatures
  Menkaure (Ossuary)
  An ogre (D:4)
  An iguana (D:4)
  Ijyb (D:3)
  3 mummies (Ossuary)
  Robin (D:3)
  5 adders
  2 dart slugs (D:1)
  9 endoplasms
  2 giant cockroaches
  4 gnoll zombies (Ossuary)
  14 hobgoblins
  4 jackals (D:1)
  3 kobolds
  4 quokkas
  12 ball pythons
  6 bats
  5 frilled lizards
  3 gnoll skeletons (Ossuary)
  13 goblins
  7 goblin skeletons (Ossuary)
  4 goblin zombies (Ossuary)
  3 hobgoblin skeletons (Ossuary)
  3 hobgoblin zombies (Ossuary)
  7 kobold skeletons (Ossuary)
  5 kobold zombies (Ossuary)
  3 orc skeletons (Ossuary)
  4 orc zombies (Ossuary)
  6 rats
  2 rat skeletons (Ossuary)
  5 rat zombies (Ossuary)
143 creatures vanquished.

Notes
Turn   | Place    | Note
-------+----------+-------------------------------------------
     0 | D:1      | BinkBink the Spriggan Hunter began the quest for the Orb.
     0 | D:1      | Reached XP level 1. HP: 10/10 MP: 2/2
   201 | D:1      | Got a humming book
   250 | D:1      | Reached XP level 2. HP: 14/14 MP: 3/3
   376 | D:1      | Reached skill level 5 in Ranged Weapons
   377 | D:1      | Reached XP level 3. HP: 15/18 MP: 4/4
   512 | D:1      | Found Uhelihepp's Book Emporium.
   931 | D:2      | Reached skill level 1 in Shapeshifting
  1142 | D:2      | Reached XP level 4. HP: 19/22 MP: 5/5
  1460 | D:3      | Noticed Ijyb
  1507 | D:3      | Killed Ijyb
  1770 | D:3      | Noticed Robin
  1837 | D:3      | Killed Robin
  1838 | D:3      | Reached XP level 5. HP: 25/25 MP: 6/6
  2049 | D:4      | Found Tokexeu's Weapon Emporium.
  2160 | D:4      | Noticed an ogre
  2211 | D:4      | Killed an ogre
  2212 | D:4      | Reached skill level 6 in Ranged Weapons
  2276 | D:4      | Reached XP level 6. HP: 30/30 MP: 7/7
  2303 | D:4      | Found a sand-covered staircase.
  2308 | Ossuary  | Entered an ossuary
  2836 | Ossuary  | Noticed Menkaure
  2844 | Ossuary  | Killed Menkaure
  2845 | Ossuary  | Reached skill level 5 in Shapeshifting
  3215 | D:4      | Found Aqovitzu's Antique Weapon Shoppe.
  3416 | D:5      | Entered Level 5 of the Dungeon
  3428 | D:5      | HP: 1/30 [hound (3)]
  3441 | D:5      | Slain by a black bear

Illustrated notes

Levels and vault maps discovered:
D:1:      spicycebolla_green_bress_n_ham, layout_rooms, serial_shops,
          shop_statue, minmay_heptomino_w4
D:2:      layout_basic
D:3:      layout_rooms, serial_bayou_pond_c, hangedman_decor_clover_reticule,
          uniq_robin, uniq_ijyb
D:4:      layout_loops_ring, serial_shops, shop, nicolae_shop_statue_plus,
          enter_ossuary_2, grunt_ministairs_9, serial_bayou_crossing
D:5:      layout_basic, uniq_blork_the_orc, uniq_duvessa

Skill      XL: |  1  2  3  4  5  6 |
---------------+-------------------+-----
Ranged Weapons | 5 6 |  6.9
Shapeshifting  | 1 2 4 5 |  5.2
Fighting       | |  1.5
Dodging        | |  2.6
Stealth        | |  1.5

Action                     |  1- 3 |  4- 6 || total
---------------------------+-------+-------++-------
   Fire: Shortbow          |   112 |   256 ||   368
 Armour: Robe              |    14 |    17 ||    31
  Dodge: Dodged            |    40 |    27 ||    67
   Form: Beast             |     1 |       ||     1

Table legend: (Time is in decaauts)
 A = Elapsed time spent in this place.
 B = Non-inter-level travel time spent in this place.
 C = Inter-level travel time spent in this place.
 D = Time resting spent in this place.
 E = Time spent auto-exploring this place.
 F = Levels seen in this place.
 G = Mean time per level.
                   A        B        C        D        E       F      G
               +--------+--------+--------+--------+--------+-----+--------+
         Total |   2503 |   2442 |     61 |    454 |   1188 |   6 |  417.2 |
       Dungeon |   1815 |   1754 |     61 |    100 |   1112 |   5 |  363.0 |
       Ossuary |    687 |    687 |      0 |    354 |     76 |   1 |  687.0 |
               +--------+--------+--------+--------+--------+-----+--------+

Top non-repeatable levels by time:
 Ossuary: 687 daAuts
     D:1: 510 daAuts
     D:2: 452 daAuts
     D:4: 447 daAuts
     D:3: 387 daAuts
     D:5: 17 daAuts
